 Dungeon Crawl Stone Soup version 0.25.0-11-g1f837a7 (webtiles) character file.

Game seed: 2410446633705214757

87 Aeroq the Conjurer (level 4, -2/33 HPs)
             Began as a Draconian Conjurer on June 27, 2020.
             Slain by an orc warrior
             ... wielding a +0 mace
              (17 damage)
             ... on level 2 of the Dungeon.
             The game lasted 00:04:34 (2634 turns).

Aeroq the Conjurer (Draconian Conjurer)             Turns: 2634, Time: 00:04:34

Health: -2/33      AC:  5    Str: 10    XL:     4   Next: 28%
Magic:  1/8        EV: 12    Int: 16    God:
Gold:   28         SH:  0    Dex: 12    Spells: 6/9 levels left

rFire    . . .     SeeInvis .   d - +0 whip
rCold    . . .     Gourm    .   (no shield)
rNeg     . . .     Faith    .   (armour unavailable)
rPois    .         Spirit   .   (helmet restricted)
rElec    .         Reflect  .   (no cloak)
rCorr    .         Harm     .   (no gloves)
MR       .....                  (no boots)
Stlth    ++........             (no amulet)
HPRegen  0.11/turn              (no ring)
MPRegen  0.11/turn              (no ring)

@: no status effects
A: unfitting armour, cold-blooded, AC +5
a: no special abilities


You were on level 2 of the Dungeon.
You were not hungry.

You visited 1 branch of the dungeon, and saw 2 of its levels.

You collected 28 gold pieces.

Inventory:

Hand Weapons
 d - a +0 whip (weapon)
Missiles
 n - 8 boomerangs (quivered)
 o - 8 atropa-tipped darts
Scrolls
 e - 4 scrolls of identify {unknown}
 h - 2 scrolls of blinking {unknown}
 j - 2 scrolls of amnesia {unknown}
 q - a scroll of fog {unknown}
Potions
 a - a potion of curing
 c - a potion of berserk rage {unknown}
 f - a potion of resistance {unknown}
 g - a potion of cancellation {unknown}
 i - a potion of brilliance {unknown}
 k - a potion of invisibility {unknown}
 l - a potion of haste {unknown}
 p - a potion of heal wounds {unknown}
Comestibles
 b - 6 rations
 m - 7 chunks of flesh


   Skills:
 + Level 2.5 Dodging
 - Level 1.7 Stealth
 * Level 3.3 Spellcasting
 + Level 4.5 Conjurations


You had 6 spell levels left.
You knew the following spells:

 Your Spells              Type           Power        Failure   Level  Hunger
a - Magic Dart            Conj           ###.         2%          1    None
b - Searing Ray           Conj           ###...       4%          2    ##.....

Your spell library contained the following spells:

 Spells                   Type           Power        Failure   Level  Hunger
 Dazzling Flash           Conj/Hex       #.....       22%         3    ###....
 Fulminant Prism          Conj/Hex       #.........   56%         4    ####...
 Iskenderun's Mystic Bla  Conj/Tloc      #.......     56%         4    ####...


Dungeon Overview and Level Annotations

Branches:
Dungeon (2/15)

Altars:


Innate Abilities, Weirdness & Mutations

Your plain brown scales are hard. (AC +5)
You cannot fit into any form of body armour.
You are cold-blooded and may be slowed by cold attacks.


Message History

Press: ? - help, Shift-Dir - straight line, f/p - orc warrior
Aim: an orc warrior, wielding a +0 mace and wearing a +0 plate armour (moderately wounded)
The searing ray hits the orc warrior!
The orc warrior is heavily wounded.
The searing ray hits the orc wizard.
The orc wizard is lightly wounded. (Press . to maintain the ray.)
The orc wizard casts a spell.
The orc wizard seems to speed up.
The searing ray hits the orc warrior.
The orc warrior is severely wounded.
The orc wizard hits you but does no damage.
The orc warrior hits you with a +0 mace!
* * * LOW HITPOINT WARNING * * *
The orc wizard misses you.
Unknown command.
It was a potion of curing.
You feel better.
The orc warrior hits you with a +0 mace!
Ouch! That really hurt!
You die...

..# #....................... ..
.........................#####.##
#................##..........#..#
...... ..........##..........##÷#
...... ..........##..............
...### ..........#######.........
...####.........o....# #.........
...#....###....#.o...# #.........
................@o...# #.........
##.#....#######......###.#.......
...##............................
.÷.##.#########.##...#...........
...##÷#..........................
...##.#........................##
...##.#........................#
##.##.#...........####.........#
#.##.#.......#....# #.........#


You could see an orc warrior and 2 orc wizards.

Vanquished Creatures
  3 adders (D:2)
  3 worms (D:2)
  A dart slug (D:1)
  A leopard gecko (D:2)
  2 orcs (D:2)
  2 giant cockroaches (D:1)
  A hobgoblin (D:2)
  3 jackals (D:1)
  6 kobolds
  A ball python (D:2)
  10 bats
  3 frilled lizards (D:1)
  8 goblins
  5 rats
49 creatures vanquished.

Notes
Turn   | Place    | Note
-------+----------+-------------------------------------------
     0 | D:1      | Aeroq the Draconian Conjurer began the quest for the Orb.
     0 | D:1      | Reached XP level 1. HP: 14/14 MP: 3/3
   534 | D:1      | Reached XP level 2. HP: 14/20 MP: 1/5
  1369 | D:1      | Learned a level 2 spell: Searing Ray
  1565 | D:2      | Reached XP level 3. HP: 26/26 MP: 2/7
  2446 | D:2      | Reached XP level 4. HP: 33/33 MP: 4/8
  2612 | D:2      | Noticed an orc warrior
  2634 | D:2      | Slain by an orc warrior

Illustrated notes

Levels and vault maps discovered:
D:1:      erik_arrival_orb_chamber, layout_loops_cross,
          chequers_serial_rivers_room_b
D:2:      layout_basic, first_ration

Skill      XL: |  1  2  3 |
---------------+----------+-----
Dodging        | 2 |  2.5
Spellcasting   | 3 |  3.3
Stealth        | |  1.7
Conjurations   | |  4.5

Action                   |  1- 3 |  4- 6 || total
-------------------------+-------+-------++-------
Melee: Whip              |    76 |    17 ||    93
       Tailslap          |     5 |     3 ||     8
 Cast: Magic Dart        |    59 |     9 ||    68
       Searing Ray       |     1 |     2 ||     3
  Use: Potion            |       |     1 ||     1
  Eat: Chunk             |     5 |     1 ||     6
       Ration            |       |     1 ||     1
Armor: Skin              |    39 |     1 ||    40
Dodge: Dodged            |    93 |    18 ||   111
